MLB
WASHINGTON NATIONALS @ CHICAGO CUBS
03/21/2068
 
TOP OF THE 1ST
Washington Nationals batting - Pitching for Chicago Cubs : RHP Victor Cevallos
Pitching: RHP Victor Cevallos
Batting: LHB Matt Garrett 0-0: Ball
1-0: Ball
2-0: Ball
3-0: Called Strike
3-1: Called Strike
3-2: Base on Balls
Batting: RHB Jesse Ebert 0-0: Ball
1-0: Swinging Strike
1-1: Ball
2-1: Foul Ball, location: 2F
2-2: Foul Ball, location: 2F
2-2: Ball
3-2: Fly out, F8 (Line Drive, 8RM, EV 95.6 MPH)
Batting: LHB Ryan Levine 0-0: Foul Ball, location: 2F
0-1: Ball
1-1: Ball
2-1: SINGLE (Line Drive, 89S, EV 91.9 MPH)
Matt Garrett to second
Runner from 2nd tries for 3rd, SAFE, throw by RF made to third
Batting: LHB Brian Priddy 0-0: Called Strike
0-1: Called Strike
0-2: Ball
1-2: Strikes out swinging
Batting: LHB Ryan Stump 0-0: Called Strike
0-1: Ball
1-1: Ball
2-1: Foul Ball, location: 2F
2-2: SINGLE (Line Drive, 78S, EV 103.8 MPH)
Matt Garrett scores
Ryan Levine to second
Batting: RHB John Jackson 0-0: Ball
1-0: SINGLE (Groundball, 6S, EV 74.4 MPH) (infield hit)
Ryan Levine to third
Ryan Stump to second
Batting: RHB Jason Chene 0-0: Called Strike
0-1: Fly out, F8 (Flyball, 8LD, EV 95.0 MPH)
Top of the 1st over - 1 run, 3 hits, 0 errors, 3 left on base; Washington 1 - Chicago 0
BOTTOM OF THE 1ST
Chicago Cubs batting - Pitching for Washington Nationals : RHP Jaylen Watts
Pitching: RHP Jaylen Watts
Batting: LHB Paul Selle 0-0: Ball
1-0: Ball
2-0: Called Strike
2-1: Ball
3-1: Foul Ball, location: 2F
3-2: SINGLE (Groundball, 4D, EV 96.9 MPH)
Batting: LHB Ricardo Torres 0-0: Called Strike
0-1: Grounds into double play, 6-4-3 (Groundball, 6, EV 89.4 MPH)
Batting: LHB Robby Ruano 0-0: Called Strike
0-1: Called Strike
0-2: Strikes out swinging
Bottom of the 1st over - 0 runs, 1 hit, 0 errors, 0 left on base; Washington 1 - Chicago 0
TOP OF THE 2ND
Washington Nationals batting - Pitching for Chicago Cubs : RHP Victor Cevallos
Batting: RHB Zaire Carroll 0-0: Called Strike
0-1: Swinging Strike
0-2: Strikes out swinging
Batting: RHB Ricardo Coronel 0-0: Ball
1-0: Ball
2-0: Swinging Strike
2-1: Swinging Strike
2-2: Ball
3-2: Fly out, F8 (Flyball, 8RXD, EV 101.9 MPH)
Batting: LHB Matt Garrett 0-0: Ball
1-0: Ball
2-0: Called Strike
2-1: SINGLE (Flyball, 5D, EV 85.6 MPH)
Batting: RHB Jesse Ebert 0-0: Called Strike
0-1: Foul Ball, location: 2F
0-2: Foul Ball, location: 2F
0-2: Fielders Choice at 2nd, 6-4 (Groundball, 6, EV 88.1 MPH)
Top of the 2nd over - 0 runs, 1 hit, 0 errors, 1 left on base; Washington 1 - Chicago 0
BOTTOM OF THE 2ND
Chicago Cubs batting - Pitching for Washington Nationals : RHP Jaylen Watts
Batting: LHB Gregorio Rodriguez 0-0: Fly out, F7 (Flyball, 7D, EV 109.4 MPH)
Batting: LHB Butch Sosnicki 0-0: Called Strike
0-1: Fly out, F8 (Flyball, 8RM, EV 85.0 MPH)
Batting: RHB Mike Badura 0-0: Ball
1-0: Called Strike
1-1: Ground out 3-1 (Groundball, 34, EV 100.0 MPH)
Bottom of the 2nd over - 0 runs, 0 hits, 0 errors, 0 left on base; Washington 1 - Chicago 0
TOP OF THE 3RD
Washington Nationals batting - Pitching for Chicago Cubs : RHP Victor Cevallos
Batting: LHB Ryan Levine 0-0: Foul Ball, location: 2F
0-1: Ball
1-1: Foul Ball, location: 2F
1-2: Ball
2-2: Strikes out swinging
Batting: LHB Brian Priddy 0-0: Ball
1-0: Foul Ball, location: 2F
1-1: Ball
2-1: Fly out, F8 (Flyball, 8RM, EV 84.4 MPH)
Batting: LHB Ryan Stump 0-0: Fly out, F7 (Flyball, 78D, EV 91.9 MPH)
Top of the 3rd over - 0 runs, 0 hits, 0 errors, 0 left on base; Washington 1 - Chicago 0
BOTTOM OF THE 3RD
Chicago Cubs batting - Pitching for Washington Nationals : RHP Jaylen Watts
Batting: LHB Sergio Acosta 0-0: Ball
1-0: Ball
2-0: Ball
3-0: Swinging Strike
3-1: Called Strike
3-2: Strikes out swinging
Batting: LHB John Loeffler 0-0: Called Strike
0-1: Foul Ball, location: 2F
0-2: Ball
1-2: Strikes out looking
Batting: RHB Josh Pannunzio 0-0: Ball
1-0: Called Strike
1-1: Ball
2-1: Called Strike
2-2: Ground out U3 (Groundball, 34, EV 105.6 MPH)
Bottom of the 3rd over - 0 runs, 0 hits, 0 errors, 0 left on base; Washington 1 - Chicago 0
TOP OF THE 4TH
Washington Nationals batting - Pitching for Chicago Cubs : RHP Victor Cevallos
Batting: RHB John Jackson 0-0: Foul Ball, location: 2F
0-1: Called Strike
0-2: Strikes out swinging
Batting: RHB Jason Chene 0-0: Foul Ball, location: 2F
0-1: Foul Ball, location: 2F
0-2: Ball
1-2: SINGLE (Groundball, 6S, EV 69.4 MPH) (infield hit)
Batting: RHB Zaire Carroll 0-0: Ball
Jason Chene steals 2nd base
1-0: Ball
2-0: SINGLE (Line Drive, 7S, EV 105.6 MPH)
Jason Chene to third
Batting: RHB Ricardo Coronel 0-0: Ball
1-0: Ball
2-0: SINGLE (Groundball, 56D, EV 105.0 MPH)
Jason Chene scores
Zaire Carroll to second
Batting: LHB Matt Garrett 0-0: Ball
1-0: Ball
2-0: Ball
3-0: Called Strike
3-1: Fly out, F7 (Flyball, 7, EV 88.1 MPH)
Batting: RHB Jesse Ebert 0-0: Called Strike
0-1: Foul Ball, location: 2F
0-2: Ball
1-2: Ball
2-2: Ground out 5-3 (Groundball, 56S, EV 64.4 MPH)
Top of the 4th over - 1 run, 3 hits, 0 errors, 2 left on base; Washington 2 - Chicago 0
BOTTOM OF THE 4TH
Chicago Cubs batting - Pitching for Washington Nationals : RHP Jaylen Watts
Batting: LHB Paul Selle 0-0: Ball
1-0: Foul Ball, location: 2F
1-1: Fly out, F7 (Flyball, 78D, EV 101.9 MPH)
Batting: LHB Ricardo Torres 0-0: Foul Ball, location: 2F
0-1: Ground out 5-3 (Groundball, 5, EV 76.9 MPH)
Batting: LHB Robby Ruano 0-0: Called Strike
0-1: Called Strike
0-2: SINGLE (Line Drive, 9S, EV 111.9 MPH)
Batting: LHB Gregorio Rodriguez 0-0: Ball
1-0: Called Strike
Robby Ruano steals 2nd base
1-1: Called Strike
1-2: Fly out, F6 (Popup, 6MD, EV 55.0 MPH)
Bottom of the 4th over - 0 runs, 1 hit, 0 errors, 1 left on base; Washington 2 - Chicago 0
TOP OF THE 5TH
Washington Nationals batting - Pitching for Chicago Cubs : RHP Victor Cevallos
Pitching: LHP Jeff Wright
Batting: LHB Ryan Levine 0-0: Ball
1-0: Ball
2-0: Called Strike
2-1: SINGLE (Line Drive, 34D, EV 100.0 MPH)
Batting: LHB Brian Priddy 0-0: Ball
1-0: Ball
Pickoff Throw to First - Out! 1-3
2-0: Called Strike
2-1: Foul Ball, location: 2F
2-2: Strikes out swinging
Batting: LHB Ryan Stump 0-0: Called Strike
0-1: Foul Ball, location: 2F
0-2: Ball
1-2: Strikes out looking
Top of the 5th over - 0 runs, 1 hit, 0 errors, 0 left on base; Washington 2 - Chicago 0
BOTTOM OF THE 5TH
Chicago Cubs batting - Pitching for Washington Nationals : RHP Jaylen Watts
Pitching: RHP Jonah Neuville
Batting: LHB Butch Sosnicki 0-0: Ball
1-0: Ball
2-0: Ground out U3 (Groundball, 34, EV 83.1 MPH)
Batting: RHB Mike Badura 0-0: Ball
1-0: Ball
2-0: Called Strike
2-1: Ball
3-1: Base on Balls
Batting: LHB Sergio Acosta 0-0: Foul Ball, location: 2F
0-1: Ball
Mike Badura steals 2nd base
1-1: SINGLE (Flyball, 4D, EV 84.4 MPH)
Mike Badura to third
Batting: LHB John Loeffler 0-0: Fly out, F8 (Flyball, 8LM, EV 86.9 MPH)
Runner from 3rd tags up, OUT at HOME! 8-2
Bottom of the 5th over - 0 runs, 1 hit, 0 errors, 1 left on base; Washington 2 - Chicago 0
TOP OF THE 6TH
Washington Nationals batting - Pitching for Chicago Cubs : LHP Jeff Wright
Batting: RHB John Jackson 0-0: Ball
1-0: Foul Ball, location: 2F
1-1: Ball
2-1: Swinging Strike
2-2: Strikes out swinging
Batting: RHB Jason Chene 0-0: Called Strike
0-1: Swinging Strike
0-2: Strikes out swinging
Batting: RHB Zaire Carroll 0-0: Ball
1-0: Swinging Strike
1-1: Swinging Strike
1-2: Ball
2-2: Strikes out swinging
Top of the 6th over - 0 runs, 0 hits, 0 errors, 0 left on base; Washington 2 - Chicago 0
BOTTOM OF THE 6TH
Chicago Cubs batting - Pitching for Washington Nationals : RHP Jonah Neuville
Batting: RHB Josh Pannunzio 0-0: Ball
1-0: Ball
2-0: Fly out, F8 (Flyball, 89D, EV 88.1 MPH)
Batting: LHB Paul Selle 0-0: Foul Ball, location: 2F
0-1: Ball
1-1: Foul Ball, location: 2F
1-2: Foul Ball, location: 2F
1-2: Ball
2-2: Strikes out swinging
Batting: LHB Ricardo Torres 0-0: Called Strike
0-1: Fly out, F9 (Flyball, 89M, EV 80.6 MPH)
Bottom of the 6th over - 0 runs, 0 hits, 0 errors, 0 left on base; Washington 2 - Chicago 0
TOP OF THE 7TH
Washington Nationals batting - Pitching for Chicago Cubs : LHP Jeff Wright
Batting: RHB Ricardo Coronel 0-0: Called Strike
0-1: Foul Ball, location: 2F
0-2: Strikes out swinging
Pinch Hitting: LHB Johnny Lewis 0-0: Called Strike
0-1: Foul Ball, location: 2F
0-2: Strikes out looking
Batting: RHB Jesse Ebert 0-0: Ball
1-0: Called Strike
1-1: SINGLE (Line Drive, 8RS, EV 98.1 MPH)
Batting: LHB Ryan Levine 0-0: Swinging Strike
0-1: Ball
1-1: Ball
2-1: Fly out, F9 (Flyball, 89XD, EV 100.6 MPH)
Top of the 7th over - 0 runs, 1 hit, 0 errors, 1 left on base; Washington 2 - Chicago 0
BOTTOM OF THE 7TH
Chicago Cubs batting - Pitching for Washington Nationals : RHP Jonah Neuville
Now in LF: Johnny Lewis
Batting: LHB Robby Ruano 0-0: Ball
1-0: Ball
2-0: Called Strike
2-1: Ball
3-1: Foul Ball, location: 2F
3-2: Base on Balls
Pitching: LHP Justin Reid
Batting: LHB Gregorio Rodriguez 0-0: Ball
1-0: Ball
2-0: Grounds into double play, 6-4-3 (Groundball, 6, EV 85.6 MPH)
Pinch Hitting: RHB Orlando Gomez 0-0: Ball
1-0: Foul Ball, location: 2F
1-1: Ball
2-1: Foul Ball, location: 2F
2-2: Ball
3-2: Foul Ball, location: 2F
3-2: Ground out U3 (Groundball, 23, EV 85.0 MPH)
Bottom of the 7th over - 0 runs, 0 hits, 0 errors, 0 left on base; Washington 2 - Chicago 0
TOP OF THE 8TH
Washington Nationals batting - Pitching for Chicago Cubs : LHP Jeff Wright
Pitching: LHP Noah Olson
Now in LF: Orlando Gomez
Batting: LHB Brian Priddy 0-0: Foul Ball, location: 2F
0-1: Called Strike
0-2: Ball
1-2: Strikes out swinging
Batting: LHB Ryan Stump 0-0: Ball
1-0: SINGLE (Groundball, 4D, EV 102.5 MPH)
Batting: RHB John Jackson 0-0: Called Strike
0-1: Ball
1-1: Ball
2-1: Ball
3-1: Foul Ball, location: 2F
3-2: Strikes out swinging
Batting: RHB Jason Chene 0-0: Ball
1-0: SINGLE (Groundball, 6MD, EV 98.8 MPH)
Ryan Stump to second
Runner from 2nd tries for 3rd, SAFE, throw by CF made to third
Jason Chene to second
Batting: RHB Zaire Carroll 0-0: Foul Ball, location: 2F
0-1: Swinging Strike
0-2: Ground out 6-3 (Groundball, 6, EV 93.1 MPH)
Top of the 8th over - 0 runs, 2 hits, 0 errors, 2 left on base; Washington 2 - Chicago 0
BOTTOM OF THE 8TH
Chicago Cubs batting - Pitching for Washington Nationals : LHP Justin Reid
Pitching: RHP Antonio Alejos
Pinch Hitting: LHB Jason Marmon 0-0: Swinging Strike
0-1: SINGLE (Flyball, 34D, EV 89.4 MPH)
Batting: LHB Sergio Acosta 0-0: Called Strike
0-1: Fielders Choice at 2nd, 6-4 (Groundball, 6, EV 84.4 MPH)
Batting: LHB John Loeffler 0-0: Ball
1-0: Ball
2-0: Ball
3-0: Base on Balls
Sergio Acosta to second
Pinch Runner at 2nd Josh McCarty:
Batting: RHB Josh Pannunzio 0-0: Ball
1-0: Called Strike
1-1: DOUBLE (Flyball, 89D, EV 103.8 MPH)
Josh McCarty scores
John Loeffler to third
Batting: LHB Paul Selle 0-0: Swinging Strike
0-1: Foul Ball, location: 2F
0-2: Ball
1-2: Strikes out swinging
Batting: RHB Miguel Gonzalez 0-0: Called Strike
0-1: Ball
1-1: 3-RUN HOME RUN (Flyball, 78XD, EV 117.5 MPH), Distance : 489 ft
Pitching: LHP Matt Daisey
Batting: LHB Robby Ruano 0-0: Ground out 4-3 (Groundball, 4, EV 90.6 MPH)
Bottom of the 8th over - 4 runs, 3 hits, 0 errors, 0 left on base; Washington 2 - Chicago 4
TOP OF THE 9TH
Washington Nationals batting - Pitching for Chicago Cubs : LHP Noah Olson
Pitching: RHP Matt Conley
Now in LF: Josh McCarty
Now in RF: Jason Marmon
Batting: RHB Ricardo Coronel 0-0: Ball
1-0: Ball
2-0: Ball
3-0: Called Strike
3-1: Foul Ball, location: 2F
3-2: Ground out 6-3 (Groundball, 6, EV 86.2 MPH)
Batting: LHB Johnny Lewis 0-0: Ball
1-0: Swinging Strike
1-1: Called Strike
1-2: Strikes out swinging
Batting: RHB Jesse Ebert 0-0: Foul Ball, location: 2F
0-1: Swinging Strike
0-2: Ball
1-2: Ball
2-2: Strikes out swinging
Top of the 9th over - 0 runs, 0 hits, 0 errors, 0 left on base; Washington 2 - Chicago 4
Saturday, June 5th , 2021 - OOTP Baseball 22.5 Build 54